 Dungeon Crawl Stone Soup version 0.20.0-1-g1cb1d84 (webtiles) character file.

275 miragecloak the Insei (level 6, -1/38 HPs)
             Began as an Octopode Transmuter on May 26, 2017.
             Slain by an ice beast (5 damage)
             ... on level 5 of the Dungeon.
             The game lasted 00:04:13 (4205 turns).

miragecloak the Insei (Octopode Transmuter)         Turns: 4205, Time: 00:04:13

Health: -1/38      AC:  2    Str: 10    XL:     6   Next: 24%
Magic:  7/9        EV: 25    Int: 15    God:
Gold:   249        SH:  0    Dex: 24    Spells: 5/9 levels left

rFire    . . .     SeeInvis .     - Unarmed
rCold    . . .     Gourm    .   (shield currently unavailable)
rNeg     . . .     Faith    .   (helmet currently unavailable)
rPois    x         Spirit   .   (no amulet)
rElec    .         Reflect  .   (no ring)
rCorr    .         Harm     .   (no ring)
MR       .....                  (no ring)
Stlth    +++.......             (no ring)
Regen    0.2/turn               (no ring)
MPRegen  0.2/turn               (no ring)
                                (no ring)
                                (no ring)

@: agile, spider-form (expiring)
A: almost no armour, stealthy swim, (amphibious), 8 rings, (constrict 8)
a: End Transformation


You were on level 5 of the Dungeon.
You were very hungry.
You were a venomous arachnid creature.
You visited 1 branch of the dungeon, and saw 5 of its levels.

You collected 249 gold pieces.

Inventory:

Missiles
 a - 91 arrows
Armour
 w - a +0 buckler
Wands
 d - a wand of confusion (29/48)
Scrolls
 g - 4 scrolls of identify {unknown}
 i - a scroll of random uselessness {unknown}
 k - a scroll of enchant weapon {unknown}
 n - 2 scrolls of remove curse {unknown}
 q - a scroll of recharging {unknown}
 s - a scroll of amnesia {unknown}
 t - a scroll of immolation {unknown}
 v - a scroll of teleportation {unknown}
Potions
 e - 2 potions of cancellation {unknown}
 h - a potion of lignification {unknown}
 j - 2 potions of degeneration {unknown}
 l - 2 potions of heal wounds {unknown}
 m - a potion of flight {unknown}
 u - a potion of resistance {unknown}
 x - 2 potions of magic {unknown}
 z - 2 potions of curing {unknown}
 A - a potion of brilliance {unknown}
Books
 b - a book of Changes

   Spells                             Type                      Level
   a - Beastly Appendage              Transmutation                1
   b - Sticks to Snakes               Transmutation                2
   c - Spider Form                    Transmutation/Poison         3
   d - Ice Form                       Ice/Transmutation            4
   e - Blade Hands                    Transmutation                5
Comestibles
 c - 4 bread rations
 f - 2 fruits
 o - 3 meat rations
 r - a royal jelly


   Skills:
 - Level 1.0 Fighting
 - Level 2.0 Dodging
 + Level 5.0 Unarmed Combat
 - Level 2.0 Spellcasting
 - Level 4.0 Transmutations
 - Level 3.1 Poison Magic


You had 5 spell levels left.
You knew the following spells:

 Your Spells              Type           Power        Failure   Level  Hunger
a - Beastly Appendage     Tmut           ##....       13%         1    #......
b - Spider Form           Tmut/Pois      ##........   34%         3    ###....


Dungeon Overview and Level Annotations

Branches:
Dungeon (5/15)
 Temple: D:4-7

Altars:
Yredelemnul
Zin


Innate Abilities, Weirdness & Mutations

You cannot wear most types of armour.
You are very stealthy in the water. (Stealth+)
((You are amphibious.))
You can wear up to eight rings at the same time.
((You can use your tentacles to constrict eight enemies at once.))
((Your skin changes colour to match your surroundings (Stealth+).))
((Your rubbery body absorbs attacks. (AC +1, EV +1)))


Message History

You hit the ice beast.
The ice beast is lightly wounded.
The ice beast barely misses you.
You barely miss the ice beast.
The ice beast is lightly wounded.
The ice beast hits you. The ice beast freezes you!
You hit the ice beast.
The ice beast is moderately wounded.
The ice beast hits you.
* * * LOW HITPOINT WARNING * * *
The ice beast freezes you!
* * * LOW HITPOINT WARNING * * *
The ice beast misses you.
Your transformation is almost over.
You feel agile all of a sudden. The ice beast closely misses you.
You hit the ice beast but do no damage.
The ice beast is poisoned.
The ice beast is moderately wounded.
The ice beast hits you.
You die...

#################
#...............#
#.....<......Ys.#
#...............#
##...########+###
#.... ####


You could see an ice beast.

Vanquished Creatures
  A jelly (D:3)
  2 worker ants (D:5)
  2 orc wizards
  Robin (D:2)
  3 adders
  An ooze (D:3)
  3 worms
  2 leopard geckos
  4 orcs (D:3)
  A ball python (D:2)
  3 giant cockroaches (D:3)
  11 goblins
  13 hobgoblins
  8 jackals
  3 quokkas
  8 bats
  3 frilled lizards
  A jackal skeleton (D:4)
  7 kobolds
  A leopard gecko skeleton (D:4)
  12 rats
90 creatures vanquished.

Vanquished Creatures (others)
  A quokka (D:5)
1 creature vanquished.

Grand Total: 91 creatures vanquished

Notes
Turn   | Place    | Note
-------+----------+-------------------------------------------
     0 | D:1      | miragecloak the Octopode Transmuter began the quest for the Orb.
     0 | D:1      | Reached XP level 1. HP: 13/13 MP: 3/3
   211 | D:1      | Reached XP level 2. HP: 15/18 MP: 3/5
  1124 | D:2      | Reached XP level 3. HP: 18/23 MP: 4/6
  1188 | D:2      | Noticed Robin
  1555 | D:1      | Learned a level 3 spell: Spider Form
  1601 | D:2      | Killed Robin
  1601 | D:2      | Reached skill level 1 in Poison Magic
  1601 | D:2      | Reached XP level 4. HP: 22/28 MP: 2/7
  2397 | D:3      | Found a basalt altar of Yredelemnul.
  2414 | D:3      | Reached XP level 5. HP: 31/33 MP: 4/8
  2805 | D:3      | Found a glowing silver altar of Zin.
  3326 | D:5      | Entered Level 5 of the Dungeon
  3342 | D:5      | Reached skill level 4 in Unarmed Combat
  3651 | D:5      | Reached XP level 6. HP: 36/38 MP: 5/9
  3669 | D:4      | Reached skill level 5 in Unarmed Combat
  4189 | D:5      | Noticed an ice beast
  4205 | D:5      | Slain by an ice beast

Skill      XL: |  1  2  3  4  5  6 |
---------------+-------------------+-----
Transmutations | 3 4 |  4.0
Poison Magic   | 1 3 |  3.1
Unarmed Combat | 4 5 |  5.0
Fighting       | |  1.0
Dodging        | |  2.0
Spellcasting   | |  2.0

Action                   |  1- 3 |  4- 6 || total
-------------------------+-------+-------++-------
Melee: Unarmed           |    87 |   126 ||   213
       Constrict         |    20 |     4 ||    24
       Kick              |    10 |       ||    10
       Tentacles         |     9 |     5 ||    14
       Punch             |     1 |       ||     1
 Cast: Beastly Appendage |    26 |       ||    26
       Spider Form       |     2 |    33 ||    35
  Use: Potion            |       |     1 ||     1
 Stab: Sleeping          |     5 |       ||     5
  Eat: Chunk             |     2 |    12 ||    14
Armor: Skin              |     6 |     7 ||    13
Dodge: Dodged            |    52 |   103 ||   155
